 Dungeon Sprint DCSS version 0.18.1-50-g88ac8fd (webtiles) character file.

17735 saintsgambit the Severer (level 12, -8/125 HPs)
             Began as a Minotaur Fighter on Sept 24, 2016.
             Was the Champion of the Shining One.
             Mangled by an ettin
             ... wielding a +0 dire flail
              (29 damage)
             ... in the Dungeon (Sprint IX: "|||||||||||||||||||||||||||||").
             The game lasted 00:15:03 (2142 turns).

saintsgambit the Severer (Minotaur Fighter)         Turns: 2142, Time: 00:15:04

Health: -8/125     AC: 22    Str: 23    XL:     12   Next: 21%
Magic:  15/15      EV: 16    Int:  5    God:    the Shining One [******]
Gold:   1702       SH: 31    Dex: 13    Spells: 0 memorised, 11 levels left

rFire  x . .     SeeInvis .     D - +7 broad axe (flame)
rCold  + + .     Gourm    .     c - +2 ice dragon armour
rNeg   + + +     Faith    .     F - +2 large shield
rPois  +         Spirit   .     (helmet restricted)
rElec  .         Dismiss  .     E - +1 cloak
rCorr  .         Reflect  .     x - +0 pair of gloves
SustAt .         Harm     .     p - +0 pair of boots
MR     .....     NoTele   +     (no amulet)
Stlth  ..........               C - ring of poison resistance
                                s - +2 ring of evasion

@: divine shield, glowing, not resistant to hostile enchantments, extremely
unstealthy
A: retaliatory headbutt, horns 2
a: Divine Shield, Cleansing Flame, Summon Divine Warrior, Brand Weapon With Holy
Wrath, Renounce Religion


You were in the Dungeon.
You worshipped the Shining One.
The Shining One was exalted by your worship.
You were hungry.

You visited 1 branch You collected 1912 gold pieces.
You spent 210 gold pieces at shops.

Inventory:

Hand Weapons
 o - a +3 war axe of freezing
 z - a +0 broad axe
 A - a +0 scimitar of flaming
 D - a +7 broad axe of flaming (weapon)
Missiles
 r - 4 steel tomahawks (quivered)
Armour
 c - a +2 ice dragon armour (worn)
 p - a +0 pair of boots (worn)
 q - a +3 plate armour of fire resistance
 x - a +0 pair of gloves (worn)
 E - a +1 cloak (worn)
 F - a +2 large shield (worn)
Jewellery
 s - a +2 ring of evasion (left hand)
 t - a +3 ring of intelligence
 B - an uncursed ring of magical power
 C - a ring of poison resistance (right hand)
Wands
 n - a wand of lightning (8/15)
Scrolls
 b - 3 scrolls of enchant weapon
 k - 2 scrolls of blinking
 l - 4 scrolls of remove curse
 m - 2 scrolls of amnesia
 u - a scroll of recharging
 v - a scroll of identify
Potions
 d - 2 potions of might
 e - 12 potions of curing
 g - 3 potions of heal wounds
 h - 2 potions of haste
 i - 4 potions of magic
 j - a potion of berserk rage
 G - a potion of agility
Comestibles
 a - 40 fruits
 f - 15 bread rations
 w - 13 meat rations


   Skills:
 + Level 17.0 Fighting
 + Level 19.1 Axes
 + Level 13.6 Armour
 + Level 10.7 Dodging
 + Level 1.7 Stealth
 + Level 17.2 Shields
 + Level 6.5 Invocations
 + Level 3.2 Evocations


You had 11 spell levels left.
You didn't know any spells.

Dungeon Overview and Level Annotations

Branches:
Dungeon (1/1)

Altars:
Cheibriados
Dithmenos
Elyvilon
Fedhas
Gozag
Kikubaaqudgha
Makhleb
Nemelex Xobeh
Okawaru
Pakellas
Qazlal
Ru
Sif Muna
Trog
Vehumet
Xom
Yredelemnul
Zin
The Shining One
Beogh
Jiyva
Lugonu

Shops:
D [(%*


Innate Abilities, Weirdness & Mutations

You reflexively headbutt those who attack you in melee.
You have a pair of horns on your head.


Message History

You block the ettin's attack. x2
You slash the ettin! You burn the ettin.
You headbutt the ettin, but do no damage.
The ettin is almost dead.
You block the ettin's attack. x2
You hit the ettin. You burn the ettin. You headbutt the ettin!
You kill the ettin!
Your Fighting skill increases to level 17!
Your Axes skill increases to level 19!
You hit the ettin. You burn the ettin.
The ettin is lightly wounded.
You completely miss the ettin. You headbutt the ettin.
The ettin is lightly wounded.
The ettin hits you with a dire flail!!!
* * * LOW HITPOINT WARNING * * *
You block the ettin's attack.
You hit the ettin. You burn the ettin.
The ettin is moderately wounded.
The ettin hits you with a dire flail!!
You die...

▓!▓.▓.▓.▓)▓.▓.▓
▓.▓.▓†▓.▓)▓.▓.▓
▓|▓.▓.▓.▓)▓.▓'▓
▓)▓.▓.▓.▓)▓.▓.▓
▓.▓.▓.▓.▓)▓.▓)▓
▓.▓.▓.▓.▓)▓.▓)▓
▓.▓.▓.▓.▓∩▓.▓)▓
▓.▓.▓.▓.▓)▓.▓.▓
▓(▓.▓.▓.▓∩▓.▓@▓
▓÷▓.▓.▓.▓)▓.▓C▓
▓)▓.▓:▓.▓∩▓.▓Q▓
▓.▓.▓.▓.▓)▓.▓.▓
▓.▓.▓.▓.▓∩▓.▓.▓
▓.▓.▓)▓.▓.▓.▓.▓
▓.▓.▓'▓.▓.▓.▓.▓
▓.▓.▓.▓.▓.▓.▓.▓
▓†▓.▓.▓.▓.▓.▓


You could see an ettin and a tengu warrior.

Vanquished Creatures
  2 ettins (D)
  A rakshasa (D)
  A hydra (D)
  Erica (D)
  8 orc high priests (D)
  A hell knight (D)
  A hill giant (D)
  3 orc knights (D)
  4 spiny frogs (D)
  A kobold demonologist (D)
  A rime drake (D)
  2 komodo dragons (D)
  A yaktaur (D)
  A slime creature (D)
  6 blink frogs (D)
  A wyvern (D)
  2 yaks (D)
  Eustachio (D)
  2 vampire mosquitoes (D)
  A mottled dragon (D)
  2 water moccasins (D)
  3 porcupines (D)
  An ice beast (D)
  A phantom (D)
  9 orc warriors (D)
  A centaur (D)
  4 crocodiles (D)
  2 giant frogs (D)
  A howler monkey (D)
  2 crimson imps (D)
  A hound (D)
  7 orc priests (D)
  4 orc wizards (D)
  A river rat (D)
  An adder skeleton (D)
  An adder zombie (D)
  2 giant geckos (D)
  8 orcs (D)
  A bat (D)
  A bat skeleton (D)
  A giant cockroach (D)
  A hobgoblin (D)
  A quokka (D)
  A giant gecko zombie (D)
  A kobold (D)
  A quokka zombie (D)
  A rat (D)
101 creatures vanquished.

Notes
Turn   | Place    | Note
--------------------------------------------------------------
     0 | D        | saintsgambit the Minotaur Fighter began the quest for the Orb.
     0 | D        | Reached XP level 1. HP: 19/19 MP: 0/0
    11 | D        | Reached skill level 3 in Axes
    25 | D        | Reached XP level 2. HP: 23/28 MP: 1/1
    55 | D        | Found a glowing silver altar of Zin.
    55 | D        | Found a glowing golden altar of the Shining One.
    55 | D        | Found an ancient bone altar of Kikubaaqudgha.
    55 | D        | Found a basalt altar of Yredelemnul.
    55 | D        | Found a shimmering altar of Xom.
    55 | D        | Found a radiant altar of Vehumet.
    56 | D        | Found an iron altar of Okawaru.
    57 | D        | Found a burning altar of Makhleb.
    58 | D        | Found a deep blue altar of Sif Muna.
    59 | D        | Became a worshipper of the Shining One
    60 | D        | Found a bloodstained altar of Trog.
    61 | D        | Found a sparkling altar of Nemelex Xobeh.
    62 | D        | Found a white marble altar of Elyvilon.
    63 | D        | Found a roughly hewn altar of Beogh.
    64 | D        | Found a viscous altar of Jiyva.
    65 | D        | Found a corrupted altar of Lugonu.
    66 | D        | Found a blossoming altar of Fedhas.
    67 | D        | Found a snail-covered altar of Cheibriados.
    68 | D        | Found a shadowy altar of Dithmenos.
    69 | D        | Found a stormy altar of Qazlal.
    70 | D        | Found an opulent altar of Gozag.
    71 | D        | Found a sacrificial altar of Ru.
    72 | D        | Found an oddly glowing altar of Pakellas.
   126 | D        | Noticed a yak
   126 | D        | Noticed a water moccasin
   126 | D        | Noticed a howler monkey
   126 | D        | Noticed a phantom
   126 | D        | Reached * piety under the Shining One
   126 | D        | Noticed a centaur
   132 | D        | Killed a yak
   132 | D        | Reached skill level 5 in Axes
   132 | D        | Reached XP level 3. HP: 29/39 MP: 2/2
   132 | D        | Reached XP level 4. HP: 35/47 MP: 3/3
   132 | D        | Reached XP level 5. HP: 38/52 MP: 4/4
   138 | D        | Killed a water moccasin
   138 | D        | Reached skill level 6 in Axes
   140 | D        | Reached XP level 6. HP: 40/62 MP: 5/5
   146 | D        | Reached skill level 7 in Axes
   156 | D        | Reached ** piety under the Shining One
   401 | D        | Noticed a vampire mosquito
   401 | D        | Noticed a mottled dragon
   401 | D        | Noticed a vampire mosquito
   401 | D        | Reached *** piety under the Shining One
   401 | D        | Noticed a slime creature
   403 | D        | Killed a vampire mosquito
   403 | D        | Reached skill level 10 in Fighting
   403 | D        | Reached skill level 8 in Axes
   403 | D        | Reached skill level 10 in Shields
   403 | D        | Reached XP level 7. HP: 72/72 MP: 6/6
   408 | D        | Reached skill level 10 in Armour
   408 | D        | Reached skill level 5 in Dodging
   423 | D        | Killed a slime creature
   423 | D        | Reached skill level 9 in Axes
   424 | D        | Killed a vampire mosquito
   424 | D        | Reached **** piety under the Shining One
   424 | D        | Reached XP level 8. HP: 53/82 MP: 7/7
   639 | D        | Noticed a komodo dragon
   639 | D        | Noticed a spiny frog
   646 | D        | Killed a komodo dragon
   646 | D        | Reached skill level 10 in Axes
   654 | D        | Reached ***** piety under the Shining One
   654 | D        | Reached skill level 1 in Invocations
   656 | D        | Reached skill level 11 in Axes
   662 | D        | Killed a spiny frog
   662 | D        | Reached XP level 9. HP: 74/90 MP: 7/9
   668 | D        | Reached skill level 12 in Axes
   684 | D        | Noticed a komodo dragon
   684 | D        | Noticed a rime drake
   684 | D        | Noticed a seven-headed hydra
   687 | D        | Killed a komodo dragon
   690 | D        | Noticed a spiny frog
   694 | D        | Reached skill level 13 in Axes
   700 | D        | Killed a rime drake
   706 | D        | Killed a nine-headed hydra
   706 | D        | Reached skill level 1 in Evocations
   706 | D        | Reached XP level 10. HP: 41/101 MP: 5/11
   706 | D        | Killed a spiny frog
   931 | D        | Noticed a spiny frog
   934 | D        | Noticed a spiny frog
   934 | D        | Reached ****** piety under the Shining One
   942 | D        | Reached skill level 14 in Axes
   943 | D        | Killed a spiny frog
   948 | D        | Killed a spiny frog
   948 | D        | Reached skill level 1 in Stealth
  1089 | D        | Noticed an orc knight
  1102 | D        | Killed an orc knight
  1102 | D        | Reached skill level 10 in Dodging
  1262 | D        | Reached skill level 15 in Axes
  1268 | D        | Noticed an orc knight
  1276 | D        | Noticed an orc knight
  1293 | D        | Killed an orc knight
  1293 | D        | Reached skill level 5 in Invocations
  1300 | D        | Killed an orc knight
  1300 | D        | Reached XP level 11. HP: 50/111 MP: 13/13
  1518 | D        | Found Luokh's Antique Armour Emporium.
  1518 | D        | Noticed an orc high priest
  1518 | D        | Noticed an orc high priest
  1518 | D        | Noticed an orc high priest
  1527 | D        | Killed an orc high priest
  1527 | D        | Reached skill level 15 in Fighting
  1527 | D        | Reached skill level 16 in Axes
  1527 | D        | Reached skill level 15 in Shields
  1531 | D        | Killed an orc high priest
  1532 | D        | Found Loisuso's Antique Weapon Shoppe.
  1534 | D        | Noticed an orc high priest
  1539 | D        | Noticed a sun demon
  1543 | D        | Killed an orc high priest
  1544 | D        | Found Ruptub's Food Emporium.
  1550 | D        | Noticed an orc high priest
  1553 | D        | Noticed a sun demon
  1555 | D        | Killed an orc high priest
  1556 | D        | Found Pateovac's General Store.
  1558 | D        | Noticed a sun demon
  1558 | D        | Noticed an orc high priest
  1562 | D        | Noticed an orc high priest
  1562 | D        | Killed an orc high priest
  1562 | D        | Reached skill level 17 in Axes
  1564 | D        | Noticed an orc high priest
  1574 | D        | Killed an orc high priest
  1586 | D        | Killed an orc high priest
  1597 | D        | Noticed a soul eater
  1597 | D        | Killed an orc high priest
  1651 | D        | Bought a bread ration for 70 gold pieces
  1651 | D        | Bought a bread ration for 70 gold pieces
  1651 | D        | Bought a bread ration for 70 gold pieces
  1866 | D        | Noticed Erica
  1878 | D        | Killed Erica
  1889 | D        | Noticed Eustachio
  1901 | D        | Killed Eustachio
  2091 | D        | Noticed a hill giant
  2093 | D        | Reached skill level 18 in Axes
  2100 | D        | Noticed a rakshasa
  2103 | D        | Killed a hill giant
  2104 | D        | Noticed a hell knight
  2106 | D        | Noticed an ettin
  2111 | D        | Noticed an ettin
  2111 | D        | Noticed an ettin
  2115 | D        | Noticed an ettin
  2119 | D        | Killed a rakshasa
  2119 | D        | Reached XP level 12. HP: 94/124 MP: 15/15
  2123 | D        | Noticed a tengu warrior
  2127 | D        | Killed an ettin
  2139 | D        | Killed an ettin
  2139 | D        | Reached skill level 19 in Axes
  2142 | D        | Mangled by an ettin

Skill      XL: |  1  2  3  4  5  6  7  8  9 10 11 12 |
---------------+-------------------------------------+-----
Fighting       | 4 7 8 10 11 12 13 14 16 17 | 17.0
Shields        | 4 7 8 10 11 12 13 14 16 17 | 17.2
Axes           | 3 5 6 8 9 11 13 15 18 19 | 19.1
Armour         | 4 7 8 9 10 11 12 13 | 13.6
Dodging        | 2 3 4 5 7 8 10 | 10.7
Invocations    | 1 3 5 6 |  6.5
Evocations     | 1 3 |  3.2
Stealth        | 1 |  1.7

Action                   |  1- 3 |  4- 6 |  7- 9 | 10-12 || total
-------------------------+-------+-------+-------+-------++-------
Melee: War axe           |    30 |    24 |    58 |   189 ||   301
       Headbutt          |     5 |     3 |    16 |    52 ||    76
       Broad axe         |       |       |       |    50 ||    50
Invok: Divine Shield     |       |       |     4 |     7 ||    11
Evoke: Wand              |       |       |     7 |     1 ||     8
  Use: Scroll            |       |       |     3 |     3 ||     6
       Potion            |       |       |     1 |     1 ||     2
  Eat: Bread ration      |       |       |       |     1 ||     1
Armor: Scale mail        |    11 |     9 |    15 |     4 ||    39
       Plate armour      |       |       |       |     8 ||     8
       Ice dragon armour |       |       |       |     6 ||     6
Dodge: Dodged            |     8 |     8 |    27 |    33 ||    76
Block: Shield            |    14 |    12 |    44 |   111 ||   181
       Large shield      |       |       |       |    25 ||    25
